 Dungeon Crawl Stone Soup version 0.23.0-28-g6fe0f4d (webtiles) character file.

Game seed: 6433491017051454588

528 dvd the Chopper (level 7, -2/55 (58) HPs)
             Began as a Ghoul Gladiator on Feb 25, 2019.
             Was a Follower of Makhleb.
             Slain by an ogre
             ... wielding a +0 giant club
              (27 damage)
             ... on level 4 of the Dungeon.
             The game lasted 00:06:51 (3294 turns).

dvd the Chopper (Ghoul Gladiator)                   Turns: 3294, Time: 00:06:52

HP:   -2/55 (58)    AC:  8    Str: 19    XL:     7   Next: 23%
MP:   6/6           EV: 11    Int:  3    God:    Makhleb [*.....]
Gold: 163           SH:  3    Dex: 11    Spells: 6/6 levels left

rFire    . . .     SeeInvis +   a - +0 war axe
rCold    + . .     Gourm    .   l - +0 buckler
rNeg     + + +     Faith    .   i - +0 ring mail
rPois    ∞         Spirit   .   c - +0 helmet
rElec    .         Reflect  .   x - +0 cloak
rCorr    .         Harm     +   (no gloves)
MR       .....                  p - +0 pair of boots
Stlth    +.........             B - amulet of harm
HPRegen  0.00/turn              C - ring of see invisible
MPRegen  0.10/turn              (no ring)

@: rotting
A: rotting body, claws 1, carnivore, cold resistance 1, negative energy
resistance 3, inhibited regeneration, torment resistance, unbreathing
a: Renounce Religion


You were on level 4 of the Dungeon.
You worshipped Makhleb.
Makhleb was aware of your devotion.
You were not hungry.

You visited 1 branch of the dungeon, and saw 4 of its levels.

You collected 163 gold pieces.

Inventory:

Hand Weapons
 a - a +0 war axe (weapon)
Missiles
 d - 3 throwing nets (quivered)
Armour
 b - a +0 leather armour
 c - a +0 helmet (worn)
 i - a +0 ring mail (worn)
 l - a +0 buckler (worn)
 m - a +0 scale mail
 p - a +0 pair of boots (worn)
 x - a +0 cloak (worn)
Jewellery
 B - an amulet of harm (around neck)
 C - a ring of see invisible (left claw)
Wands
 z - a wand of polymorph (3)
 A - a wand of flame (29)
Scrolls
 e - a scroll of noise {unknown}
 h - 3 scrolls of teleportation {unknown}
 n - 5 scrolls of remove curse
 o - 2 scrolls of identify {unknown}
 u - 3 scrolls of enchant armour {unknown}
 v - 2 scrolls of fear {unknown}
 y - a scroll of random uselessness {unknown}
Potions
 g - 2 potions of mutation {unknown}
 j - 3 potions of curing {unknown}
 k - a potion of might {unknown}
 q - 2 potions of magic {unknown}
 r - a potion of degeneration {unknown}
 s - a potion of agility {unknown}
 t - 2 potions of flight {unknown}
 w - a potion of ambrosia {unknown}
 D - a potion of brilliance {unknown}
Comestibles
 f - 8 rations


   Skills:
 + Level 3.7 Fighting
 + Level 5.1 Axes
 + Level 1.7 Throwing
 + Level 2.8 Armour
 + Level 3.9 Dodging
 + Level 0.1 Stealth
 + Level 0.9 Shields
 + Level 0.1 Evocations


You had 6 spell levels left.
You didn't know any spells.
Your spell library was empty.

Dungeon Overview and Level Annotations

Branches:
Dungeon (4/15)
 Temple: D:4-7

Altars:
Gozag
Kikubaaqudgha
Makhleb
Nemelex Xobeh
Wu Jian
Yredelemnul
Zin

Annotations:
D:4 2 transporters, Menkaure


Innate Abilities, Weirdness & Mutations

Your body is rotting away.
You thrive on raw meat.
You are immune to poison.
You have sharp fingernails.
You are carnivorous and can eat meat at any time.
Your flesh is cold resistant. (rC+)
You are immune to negative energy. (rN+++)
You do not regenerate when monsters are visible.
You are immune to unholy pain and torment.
You can survive without breathing.


Message History

There is an open door here.
You open the door.
There is an open door here.
There is a stone staircase leading up here.
You open the door.
There is an open door here.
There is an open door here.
You open the door.
An ogre comes into view. It is wielding a +0 giant club.
The ogre shouts!
There is an open door here.
You hit the ogre.
The ogre is lightly wounded.
The ogre hits you with a +0 giant club.
You barely miss the ogre.
The ogre hits you with a +0 giant club!!
You slash the ogre!
The ogre is heavily wounded.
The ogre hits you with a +0 giant club!!
You die...

..########'#########'##..##..###.
......................#..#####...
......................#......#...
......................#.....#####
<.....................#.....#.###
......................########...
.........########...........##...
..#'######......#...........##..#
..#......#.....O@...........#8...
..#......#......#...........##...
..#......#......#...........##...
..#......#......#...........##...
..##....###...###...........#8...
...#....###... #####'##<....##...
...#.....#... #......#......#...
...#.....#... #......#......#...
...#.....# #......#......#...


You could see an ogre.

Vanquished Creatures
  Sigmund (D:3)
  A crimson imp (D:2)
  2 orc priests (D:3)
  A centaur skeleton (D:4)
  Natasha (thrice) (D:3)
  An iguana (D:4)
  A hound skeleton (D:4)
  8 adders
  An ooze (D:4)
  A dart slug (D:2)
  3 leopard geckos
  2 orcs (D:3)
  3 giant cockroaches
  9 goblins
  8 hobgoblins
  3 jackals (D:1)
  8 kobolds
  3 quokkas
  2 ball pythons
  5 bats
  5 frilled lizards
  A quokka skeleton (D:4)
  3 rats
75 creatures vanquished.

Notes
Turn   | Place    | Note
-------+----------+-------------------------------------------
     0 | D:1      | dvd the Ghoul Gladiator began the quest for the Orb.
     0 | D:1      | Reached XP level 1. HP: 17/17 MP: 0/0
    92 | D:1      | Reached skill level 3 in Axes
    92 | D:1      | Reached XP level 2. HP: 20/24 MP: 1/1
   481 | D:1      | Reached XP level 3. HP: 18/30 MP: 2/2
   930 | D:2      | Reached skill level 1 in Armour
  1039 | D:2      | Found a burning altar of Makhleb.
  1044 | D:2      | Found a glowing silver altar of Zin.
  1044 | D:2      | Noticed an Executioner
  1044 | D:2      | Noticed an angel
  1047 | D:2      | Became a worshipper of Makhleb the Destroyer
  1198 | D:2      | Reached XP level 4. HP: 37/37 MP: 3/3
  1294 | D:2      | Found a sparkling altar of Nemelex Xobeh.
  1294 | D:2      | Found an opulent altar of Gozag.
  1460 | D:2      | Found a sparkling altar of Nemelex Xobeh.
  1651 | D:3      | Noticed Natasha
  1667 | D:3      | Killed Natasha
  1667 | D:3      | Reached XP level 5. HP: 29/45 MP: 4/4
  1685 | D:3      | Noticed Natasha
  1694 | D:3      | Killed Natasha
  1724 | D:3      | Reached skill level 4 in Axes
  1739 | D:3      | Reached XP level 6. HP: 29/51 MP: 5/5
  1807 | D:3      | Reached * piety under Makhleb
  2062 | D:3      | Noticed Sigmund
  2090 | D:3      | Killed Sigmund
  2105 | D:3      | Noticed Natasha
  2120 | D:3      | Killed Natasha
  2120 | D:3      | Reached skill level 5 in Axes
  2120 | D:3      | Reached XP level 7. HP: 29/57 MP: 6/6
  2926 | D:4      | Found a basalt altar of Yredelemnul.
  2928 | D:4      | Noticed Menkaure
  2930 | D:4      | Found an ancient bone altar of Kikubaaqudgha.
  3043 | D:4      | Found a transporter.
  3048 | D:4      | Found a transporter.
  3184 | D:4      | Found an ornate altar of the Wu Jian Council.
  3294 | D:4      | Slain by an ogre

Skill      XL: |  1  2  3  4  5  6 |
---------------+-------------------+-----
Axes           | 3 4 5 |  5.1
Dodging        | 3 |  3.9
Armour         | 1 2 |  2.8
Fighting       | 3 |  3.7
Throwing       | |  1.7
Stealth        | |  0.1
Shields        | |  0.9
Evocations     | |  0.1

Action                   |  1- 3 |  4- 6 |  7- 9 || total
-------------------------+-------+-------+-------++-------
Melee: War axe           |   112 |   143 |    32 ||   287
Evoke: Wand              |       |     3 |       ||     3
  Use: Scroll            |       |       |     1 ||     1
  Eat: Chunk             |     9 |    26 |     1 ||    36
Armor: Leather armour    |     2 |       |       ||     2
       Ring mail         |    44 |    85 |     7 ||   136
Dodge: Dodged            |    94 |    70 |     8 ||   172
Block: Buckler           |     6 |    24 |     5 ||    35
